 Dungeon Crawl Stone Soup version 0.31-a0-237-g2d982f9f85 (webtiles) character file.

Game seed: 15216464775859081301

337 Moby the Shooter (level 6, 34/34 HPs)
             Began as a Kobold Hexslinger on July 11, 2023.
             Quit the game in the Ecumenical Temple on July 12, 2023.
             The game lasted 00:32:12 (5867 turns).

Moby the Shooter (Kobold Hexslinger)                Turns: 5867, Time: 00:32:13

Health: 34/34      AC:  4    Str:  5    XL:     6   Next: 85%
Magic:  9/9        EV: 17    Int: 15    God:
Gold:   196        SH:  5    Dex: 25    Spells: 5/9 levels left

rFire   . . .        a - +1 sling
rCold   . . .        (no shield)
rNeg    . . .        j - +0 leather armour
rPois   .            p - +0 helmet
rElec   .            (no cloak)
rCorr   .            (no gloves)
SInv    .            (no boots)
Will    +....        n - amulet of reflection
Stlth   +++          f - +6 ring of dexterity
HPRegen 0.25/turn    g - ring of willpower
MPRegen 0.11/turn

%: reflection
@: no status effects
A: small, no large weapons, nightstalker 3
a: no special abilities


You were in the Ecumenical Temple.
You visited 2 branches of the dungeon, and saw 6 of its levels.

You collected 196 gold pieces.

Inventory:

Hand Weapons
 a - a +1 sling (weapon)
 t - a +1 dagger of protection
 u - a +2 dagger of venom
Armour
 i - a +0 buckler
 j - a +0 leather armour (worn)
 p - a +0 helmet (worn)
Jewellery
 f - a +6 ring of dexterity (left hand)
 g - a ring of willpower (right hand)
 n - an amulet of reflection (around neck)
 v - an amulet of the acrobat
Wands
 s - a wand of polymorph (12)
 w - a wand of flame (8)
Scrolls
 b - a scroll of poison
 c - 2 scrolls of teleportation {unknown}
 d - 2 scrolls of fear {unknown}
 k - 3 scrolls of identify {unknown}
 o - 2 scrolls of noise {unknown}
Potions
 e - a potion of curing {unknown}
 h - a potion of attraction {unknown}
 l - a potion of enlightenment {unknown}
 m - a potion of invisibility {unknown}
 q - a potion of heal wounds {unknown}
 r - a potion of lignification {unknown}


   Skills:
 - Level 1.1 Fighting
 + Level 6.2 Ranged Weapons
 + Level 4.6 Dodging
 - Level 2.0 Spellcasting
 * Level 4.0 Hexes
 - Level 1.0 Translocations


You had 5 spell levels left.
You knew the following spells:

 Your Spells              Type           Power      Damage    Failure   Level
a - Slow                  Hex            52%        N/A       7%          1
b - Portal Projectile     Hex/Tloc       18%        N/A       36%         3

Your spell library contained the following spells:

 Spells                   Type           Power      Damage    Failure   Level
 Tukima's Dance           Hex            13%        N/A       22%         3
 Apportation              Tloc           8%         N/A       24%         1
 Necrotise                Necr           4%         1d4       36%         1
 Sandblast                Erth           2%         2d4       36%         1
 Summon Small Mammal      Summ           4%         N/A       36%         1
 Blink                    Tloc           8%         N/A       36%         2
 Lesser Beckoning         Tloc           8%         N/A       36%         2
 Momentum Strike          Conj/Tloc      6%         3d8       41%         2
 Inner Flame              Hex/Fire       7%         N/A       43%         3
 Passwall                 Tmut/Erth      0%         N/A       50%         2
 Cause Fear               Hex            6%         N/A       56%         4
 Stone Arrow              Conj/Erth      2%         3d7       73%         3
 Blade Hands              Tmut           0%         N/A       100%        5


Dungeon Overview and Level Annotations

Branches:
Dungeon (5/15)             Temple (1/1) D:5

Altars:
Cheibriados
Fedhas
Okawaru
Qazlal
Ru
Sif Muna
Uskayaw
Vehumet
Wu Jian
The Shining One

Annotations:
D:3 Sigmund


Innate Abilities, Weirdness & Mutations

You are small and have problems with some larger weapons.
You are completely attuned to the shadows.


Message History

You see here a +0 dire flail.
You open the door.
There is a stone staircase leading down here.
You see here a +0 dire flail.
You see here a +0 dire flail.
w - a wand of flame (8)
Found a staircase to the Ecumenical Temple.
An iguana comes into view.
Fire: a) +1 sling
Press: ? - help, Shift-Dir - straight line, f - iguana
Aim: an iguana (asleep, 98% to hit)
Your line of fire to the iguana is blocked by a plant.
Casting: Slow (safe; 7% risk of failure)
Confirm with . or Enter, or press ? or * to list all spells.
You can't see any susceptible monsters within range! (Use Z to cast anyway.) Unknown command.
Unknown command.
(D) Dungeon (T) Temple
Where to? (? - help)
Okay, then.
There are no items here.
Unknown command.
Unknown command.
You are not religious.
Unknown command.
Unknown command.
Found a runed agate ring.
There is a staircase to the Ecumenical Temple here.
k - 3 scrolls labelled QUOSIVYCYWK (gained 1)
There is a staircase to the Ecumenical Temple here.
You climb downwards.
Welcome to the Ecumenical Temple!
There is a staircase back to the Dungeon here.
Found a snail-covered altar of Cheibriados.
Found an iron altar of Okawaru.
Found a radiant altar of Vehumet.
Found an ornate altar of the Wu Jian Council.
Found a hide-covered altar of Uskayaw.
There is an ornate altar of the Wu Jian Council here.
There is a hide-covered altar of Uskayaw here.
Are you sure you want to abandon this character and quit the game? (Confirm with "yes".)

§≈≈≈...._........
§§≈..............
≈≈...............
≈≈≈≈≈................
§≈§≈...._........._..
≈≈§..................
≈≈...................
≈..............
....@..........
.............
.............
.............
⌠........


There were no monsters in sight!

Vanquished Creatures
  A black bear (D:5)
  2 orc priests (D:5)
  Ijyb (D:3)
  An orc wizard (D:5)
  3 gnolls
  An adder (D:2)
  A shadow imp (D:5)
  A worm (D:2)
  2 dart slugs (D:2)
  7 orcs (D:5)
  6 bats
  5 endoplasms
  3 giant cockroaches
  10 goblins
  6 hobgoblins
  2 jackals (D:2)
  9 kobolds
  4 quokkas
  6 ball pythons
  7 frilled lizards (D:3)
  5 rats
83 creatures vanquished.

Notes
Turn   | Place    | Note
-------+----------+-------------------------------------------
     0 | D:1      | Moby the Kobold Hexslinger began the quest for the Orb.
     0 | D:1      | Reached XP level 1. HP: 12/12 MP: 2/2
    86 | D:1      | Reached XP level 2. HP: 16/16 MP: 3/3
    88 | D:1      | Reached skill level 3 in Ranged Weapons
   129 | D:1      | You fall into a shaft and drop 1 floor!
   432 | D:2      | Reached XP level 3. HP: 15/20 MP: 4/4
   470 | D:2      | Learned a level 3 spell: Portal Projectile
  1362 | D:1      | Reached skill level 1 in Translocations
  1362 | D:1      | Reached XP level 4. HP: 25/25 MP: 5/5
  2443 | D:3      | Noticed Ijyb
  2593 | D:3      | Noticed Sigmund
  2838 | D:3      | Found a shimmering blue altar of Sif Muna.
  3322 | D:3      | Killed Ijyb
  3323 | D:3      | Reached skill level 4 in Ranged Weapons
  3323 | D:3      | Reached XP level 5. HP: 29/29 MP: 3/6
  4226 | D:4      | Found a glowing golden altar of the Shining One.
  4661 | D:4      | Found a stormy altar of Qazlal.
  4667 | D:4      | Found a blossoming altar of Fedhas.
  5063 | D:4      | Found a sacrificial altar of Ru.
  5119 | D:5      | Entered Level 5 of the Dungeon
  5119 | D:5      | Noticed a phantom
  5262 | D:5      | Noticed a black bear
  5282 | D:5      | Killed a black bear
  5283 | D:5      | Reached skill level 5 in Ranged Weapons
  5283 | D:5      | Reached XP level 6. HP: 8/34 MP: 2/7
  5607 | D:5      | Reached skill level 6 in Ranged Weapons
  5815 | D:5      | Found a staircase to the Ecumenical Temple.
  5826 | Temple   | Entered the Ecumenical Temple
  5867 | Temple   | Quit the game

Illustrated notes

Levels and vault maps discovered:
D:1:      psy_arrival_radial01, layout_basic
D:2:      layout_loops_corners, kennysheep_small_spiral, lightli_corner_chamber
D:3:      layout_basic, mainiacjoe_overflow_six_doors_small, minmay_lizard_king,
          uniq_ijyb, uniq_sigmund, uniq_crazy_yiuf_cottage, uniq_grinder
D:4:      layout_basic, grunt_temple_overflow_forces_of_nature, tso_altar,
          nicolae_ru_path_of_blood, serial_glass, glass_columns_c,
          glass_columns_c
D:5:      layout_loops_corners, minmay_temple_entry_gardened_gates
Temple:   compressed_dpeg_triangle_lava_temple

Skill      XL: |  1  2  3  4  5  6 |
---------------+-------------------+-----
Ranged Weapons | 3 4 5 6 |  6.2
Dodging        | 3 4 |  4.6
Translocations | 1 |  1.0
Hexes          | 4 |  4.0
Spellcasting   | 2 |  2.0
Fighting       | |  1.1

Action                     |  1- 3 |  4- 6 || total
---------------------------+-------+-------++-------
  Melee: Dagger            |       |    40 ||    40
         Punch             |       |     1 ||     1
   Fire: Sling             |    81 |   150 ||   231
   Cast: Slow              |    11 |    41 ||    52
   Stab: Sleeping          |       |     1 ||     1
 Armour: Robe              |     7 |     3 ||    10
         Skin              |       |     4 ||     4
         Leather armour    |       |    10 ||    10
  Dodge: Dodged            |    42 |    84 ||   126
  Block: Other             |       |    28 ||    28

Table legend: (Time is in decaauts)
 A = Elapsed time spent in this place.
 B = Non-inter-level travel time spent in this place.
 C = Inter-level travel time spent in this place.
 D = Time resting spent in this place.
 E = Time spent auto-exploring this place.
 F = Levels seen in this place.
 G = Mean time per level.
                   A        B        C        D        E       F      G
               +--------+--------+--------+--------+--------+-----+--------+
         Total |   5910 |   5536 |    374 |    437 |   4097 |   6 |  985.0 |
       Dungeon |   5869 |   5495 |    374 |    437 |   4088 |   5 | 1173.8 |
        Temple |     40 |     40 |      0 |      0 |      9 |   1 |   40.0 |
               +--------+--------+--------+--------+--------+-----+--------+

Top non-repeatable levels by time:
     D:2: 1477 daAuts
     D:3: 1404 daAuts
     D:4: 1157 daAuts
     D:1: 1146 daAuts
     D:5: 685 daAuts
  Temple: 40 daAuts
